Map: Ulrena

Players

iolltii

  • Race: Zerg Zerg
  • League: Bronze
  • Spawn Location: 11:00

zidar - Winner!

  • Race: Zerg Zerg
  • League: Gold
  • Spawn Location: 7:00

VOD

Have the link to the VOD?

Description

Time

  • Played on: June 8, 2016, 1:42 p.m.
  • Length: 6:43
Show
View Real Time Build Order
Export as new Build Order

iolltii Zerg 

Build Orders: Hatch First 

Get SALT Encoding   

  12  0:01  Drone  
  13  0:10  Drone  
  14  0:24  Overlord  
  14  0:29  Extractor, Drone  
  16  0:42  Drone  
  16  0:43  Drone  
  17  0:55  Hatchery  
  16  1:01  Drone  
  17  1:11  Spawning Pool  
  16  1:14  Drone  
  16  1:18  Extractor  
  16  1:19  Drone  
  17  1:31  Drone x2  
  19  1:40  Drone  
  20  1:52  Overlord  
  20  1:59  Queen  
  22  2:09  Drone x2  
  22  2:10  Queen  
  26  2:15  Drone  
  26  2:21  Drone  
  28  2:23  Drone  
  29  2:30  Zergling x2  
  29  2:34  Zergling x2  
  31  2:40  Zergling x2  
  32  2:55  Zergling x2  
  32  2:56  Zergling x4  
  35  3:01  Overlord  
  35  3:04  Lair  
  35  3:07  Queen, Extractor  
  35  3:09  Overlord  
  35  3:10  Extractor  
  35  3:12  Extractor  
  34  3:14  Metabolic Boost  
  34  3:17  Drone  
  33  3:37  Zergling x12  
  37  3:46  Drone x4  
  40  4:01  Drone x4  
  44  4:07  Drone x2  
  46  4:14  Drone x3  
  46  4:15  Drone  
  41  4:33  Zergling x10  
  42  4:45  Queen, Drone x4  
  45  4:50  Drone, Infestation Pit  
  47  5:01  Zergling x4  
  49  5:09  Baneling Nest  
  49  5:10  Zergling x2  
  36  5:27  Zergling x6  
  36  5:28  Zergling x2  
  37  5:29  Queen  
  35  5:42  Zergling x4  
  37  5:50  Baneling Nest  
  37  5:52  Zergling x4  
  33  6:02  Spine Crawler  
  33  6:03  Spine Crawler  
Show
View Real Time Build Order
Export as new Build Order

zidar Zerg - Winner!

Build Orders: Pool First 

Get SALT Encoding   

  12  0:03  Drone  
  13  0:12  Overlord  
  13  0:17  Drone  
  14  0:30  Drone x2  
  14  0:35  Drone  
  17  0:48  Spawning Pool  
  16  0:51  Drone  
  17  1:18  Hatchery, Drone  
  17  1:21  Extractor  
  17  1:22  Drone  
  18  1:32  Drone  
  18  1:38  Queen  
  20  1:47  Overlord  
  20  2:00  Zergling x4  
  22  2:06  Zergling x2  
  23  2:14  Drone  
  24  2:18  Queen  
  24  2:22  Metabolic Boost  
  26  2:37  Drone x3  
  27  3:02  Zergling x12  
  32  3:10  Extractor  
  31  3:22  Roach Warren  
  27  3:43  Zergling x16  
  25  4:35  Zergling x22  
  34  4:51  Overlord x2  
  34  4:52  Overlord  
  32  5:34  Zergling x24  
  39  5:59  Zergling x8  
Tags
 
Matchup
ZvZ
Race
Zerg
Spawn Locations
Close Positions
Add a new tag
Caveats
  • Supply blocks, unpowered buildings, or Contaminate may cause inaccurate times.
  • Supply counts are checked every 10 seconds.